 Dungeon Crawl Stone Soup version 0.16-a0-2839-gd16e107 (webtiles) character file.

537 Engwar the Conjurer (level 7, -1/36 HPs)
             Began as a Deep Elf Fire Elementalist on Nov 29, 2014.
             Slain by Menkaure (18 damage)
             ... on level 4 of the Dungeon.
             The game lasted 00:19:48 (3737 turns).

Engwar the Conjurer (Deep Elf Fire Elementalist)    Turns: 3737, Time: 00:19:48

Health: -1/36      AC:  4    Str:  6    XL:     7   Next: 5%
Magic:  17/21      EV: 13    Int: 21    God:
Gold:   181        SH:  0    Dex: 15    Spells: 4 memorised, 4 levels left

rFire  . . .     SeeInvis .     o - +2 quarterstaff (chaos)
rCold  . . .     Clarity  .     a - +0 robe
rNeg   . . .     SustAb   .     (no shield)
rPois  .         Gourm    .     i - +0 helmet
rElec  .         Spirit   .     g - +0 cloak
rCorr  .         Warding  .     (no gloves)
rMut   .         Stasis   .     (no boots)
MR     .....                    (no amulet)
Stlth  ++........               (no ring)
                                l - ring of wizardry

@: not resistant to hostile enchantments, unstealthy
A: no striking features
a: no special abilities


You were on level 4 of the Dungeon.
You were not hungry.

You visited 1 branch of the dungeon, and saw 4 of its levels.

You collected 181 gold pieces.


   Skills:
 - Level 2.4 Dodging
 - Level 2.4 Stealth
 - Level 4.2 Spellcasting
 + Level 6.0 Conjurations
 + Level 5.9 Fire Magic


You had 4 spell levels left.
You knew the following spells:

 Your Spells              Type           Power        Failure   Level  Hunger
c - Sticky Flame          Conj/Fire      ####....     4%          4    ####...
x - Throw Flame           Conj/Fire      ####..       1%          2    #......
y - Conjure Flame         Conj/Fire      ####....     1%          3    ###....
z - Flame Tongue          Conj/Fire      ####.        1%          1    None

Inventory:

Hand weapons
 o - a +2 quarterstaff of chaos (weapon)
Armour
 a - a +0 robe (worn)
 g - a +0 cloak (worn)
 i - a +0 helmet (worn)
Jewellery
 l - a ring of wizardry (left hand)
Magical devices
 p - a wand of fire (10)
 q - a wand of cold (8)
 r - a wand of paralysis (11)
Scrolls
 d - a scroll of enchant weapon
 e - 5 scrolls of identify
 m - a scroll of fog
 s - 2 scrolls of magic mapping
Potions
 h - a potion of brilliance
 j - a potion of might
 k - a potion of agility
Books
 b - a book of Flames

   Spells                             Type                      Level
   a - Flame Tongue                   Conjuration/Fire             1
   b - Throw Flame                    Conjuration/Fire             2
   c - Conjure Flame                  Conjuration/Fire             3
   d - Inner Flame                    Hexes/Fire                   3
   e - Sticky Flame                   Conjuration/Fire             4
   f - Fireball                       Conjuration/Fire             5
Comestibles
 c - 4 bread rations
 f - 3 meat rations

..###'#........###......##.....##
.###....##+#.....)..###)#.......#
.' #....+ #........#...#.......#
.# +....# .'........+.+....._....
.# #....##'#........#+#.#.......#
.# #..... ....###+#.....#.......#
.# +..........'...+.....##.....##
.# ..........#...#.....####.###
.+ .........#Me.#...... ... .##
.........###'#....[. ###
..###'####'#...#..###+##+
..'........'...#...'......
..#.......(#...)...#.....
..##.#####'#...#.### ###.
####.####....##### '.'.....'....#
#'##.##'#....#


You could see Menkaure (burning).


Message History

You hit the orc priest.
The orc priest glows pale black for a moment.
The orc priest is almost dead.
The orc priest burns!
You kill the orc priest!
Your Conjurations skill increases to level 6!
You have reached level 7!
Okay, then.
Eat which item? (? for menu, Esc to quit)
Okay, then.
Eat which item? (? for menu, Esc to quit)
That beef jerky was jerk-a-riffic!
You start resting.
Magic restored.
You start resting.
There is an open door here.
You see here a club.
You open the door.
Menkaure, Prince of Dust comes into view.
Menkaure shouts!
There is an open door here.
Menkaure hits you!
* * * LOW HITPOINT WARNING * * *
Aiming: Sticky Flame
Aim: Menkaure The sticky flame hits Menkaure.
Menkaure is burned terribly!
Menkaure is moderately damaged.
Menkaure is covered in liquid flames!
Menkaure burns!
Menkaure hits you!!
Ouch! That really hurt!
You die...

Action                   |  1- 3 |  4- 6 |  7- 9 || total
-------------------------+-------+-------+-------++-------
Melee: Quarterstaff      |       |    28 |       ||    28
 Cast: Flame Tongue      |    72 |    92 |       ||   164
       Throw Flame       |     4 |    12 |       ||    16
       Conjure Flame     |       |     5 |       ||     5
       Sticky Flame      |       |     6 |     1 ||     7
  Use: Scroll            |     8 |     4 |       ||    12
       Potion            |       |     3 |       ||     3
 Stab: Distracted        |       |     1 |       ||     1
       Sleeping          |       |     1 |       ||     1
  Eat: Chunk             |     1 |     5 |       ||     6
       Pizza             |       |     1 |       ||     1
       Beef jerky        |       |     1 |     1 ||     2

Vault maps used:
D:1:      grunt_arrival_crossed_arrows
D:2:      nicolae_qazlal_style_of_elements, baited_tele_trap
D:3:      grunt_dithmenos_smoke, first_bread, uniq_robin,
          uniq_crazy_yiuf_cottage
D:4:      old_standard_altar, roderic_bali_sauvastika,
          fedhas_bush_and_centaur_altar, uniq_menkaure, uniq_iyjb, uniq_natasha

Notes
Turn   | Place    | Note
--------------------------------------------------------------
     0 | D:1      | Engwar, the Deep Elf Fire Elementalist, began the quest for the Orb.
     0 | D:1      | Reached XP level 1. HP: 10/10 MP: 5/5
    57 | D:1      | Reached skill level 2 in Conjurations
    57 | D:1      | Reached XP level 2. HP: 4/15 MP: 0/8
    63 | D:1      | Learned a level 2 spell: Throw Flame
   444 | D:1      | Reached skill level 3 in Conjurations
   566 | D:1      | Reached XP level 3. HP: 19/19 MP: 6/10
   801 | D:1      | Learned a level 3 spell: Conjure Flame
  1347 | D:2      | Reached XP level 4. HP: 24/24 MP: 7/13
  1577 | D:2      | Noticed a fire elemental
  1579 | D:2      | Found a stormy altar of Qazlal.
  1584 | D:2      | Noticed a water elemental
  1636 | D:3      | Noticed Robin
  1869 | D:3      | Learned a level 4 spell: Sticky Flame
  1959 | D:3      | Killed Robin
  1959 | D:3      | Reached skill level 4 in Spellcasting
  2000 | D:3      | Reached skill level 4 in Conjurations
  2051 | D:3      | Reached skill level 4 in Fire Magic
  2135 | D:3      | Found a shadowy altar of Dithmenos.
  2268 | D:3      | Noticed Crazy Yiuf
  2274 | D:3      | Killed Crazy Yiuf
  2274 | D:3      | Reached XP level 5. HP: 28/28 MP: 8/18
  2612 | D:4      | Noticed Johnny's ghost (average DgCj)
  2628 | D:4      | Killed Johnny's ghost
  2752 | D:4      | Found a blossoming altar of Fedhas.
  2789 | D:4      | Reached skill level 5 in Conjurations
  2789 | D:4      | Reached XP level 6. HP: 29/32 MP: 12/20
  2919 | D:4      | Noticed Ijyb
  2925 | D:4      | Killed Ijyb
  2925 | D:4      | Reached skill level 5 in Fire Magic
  3160 | D:4      | Noticed Natasha
  3170 | D:4      | Killed Natasha
  3182 | D:4      | Noticed a centaur
  3208 | D:4      | Found a blossoming altar of Fedhas.
  3314 | D:4      | Killed a centaur
  3604 | D:4      | Reached skill level 6 in Conjurations
  3604 | D:4      | Reached XP level 7. HP: 12/36 MP: 16/21
  3735 | D:4      | Noticed Menkaure
  3737 | D:4      | Slain by Menkaure

Vanquished Creatures
  A centaur (D:4)
  The ghost of Johnny the Conjurer, an average DgCj (D:4)
  3 orc priests (D:4)
  Crazy Yiuf (D:3)
  A worker ant (D:4)
  Natasha (D:4)
  An orc wizard (D:4)
  Ijyb (D:4)
  Robin (D:3)
  A gnoll (D:1)
  3 adders
  3 giant geckos
  An ooze (D:2)
  8 orcs (D:4)
  4 bats
  7 giant cockroaches
  18 goblins
  13 hobgoblins
  3 quokkas
  4 giant newts
  6 jackals
  11 kobolds
  9 rats
102 creatures vanquished.
